 Dungeon Crawl Stone Soup version 0.28-a0-474-g535839065c (webtiles) character file.

Game seed: 7991275610449955607

9273 robertstho the Thaumaturge (level 11, -11/76 HPs)
             Began as a Djinni Fire Elementalist on Sept 15, 2021.
             Mangled by a spriggan simulacrum (27 damage)
             ... on level 12 of the Dungeon.
             The game lasted 00:16:45 (12213 turns).

robertstho the Thaumaturge (DjFE)                  Turns: 12213, Time: 00:16:45

Health: -11/76     AC:  5    Str:  7    XL:     11   Next: 71%
Gold:   440        EV: 13    Int: 20    God:
                   SH:  5    Dex: 14

rFire   + + +      SeeInvis .   s - +1 morningstar of Xiugocwu {elec, rF++}
rCold   x . .      Faith    .   (no shield)
rNeg    . . .      Spirit   .   B - +0 steam dragon scales
rPois   ∞          Reflect  +   (no helmet)
rElec   .          Harm     .   (no cloak)
rCorr   .          Rampage  .   (no gloves)
Will    +....                   (boots unavailable)
Stlth   ++........              p - amulet of reflection
HPRegen 0.22/turn               (no ring)
MPRegen 0.00/turn               (no ring)

@: flying, studying Long Blades, unable to read
A: sickness immunity, fire resistance 2, cold vulnerability 1, float, innate
caster, hp casting, extra vitality 1, inability to read while threatened
a: no special abilities


You were on level 12 of the Dungeon.
You visited 2 branches of the dungeon, and saw 12 of its levels.
You also visited: Sewer.

You collected 440 gold pieces.

Inventory:

Hand Weapons
 b - a +0 mace
 f - a +1 hand axe of flaming
 s - the +1 morningstar of Xiugocwu (weapon) {elec, rF++}
   (You found it on level 8 of the Dungeon)

   It occasionally discharges a powerful burst of electricity upon striking a
   foe.
   rF:        It greatly protects you from fire.
 u - a +4 long sword of electrocution
 D - the +6 trident "Transmigrator" {vorpal, rN+ Will+}
   (You found it on level 9 of the Dungeon)

   It inflicts extra damage upon your enemies.
   rN:        It protects you from negative energy.
   Will:      It increases your willpower.
Armour
 g - a +1 leather armour of cold resistance
 v - a +0 robe of fire resistance
 y - the +2 hat of the Bear Spirit {Spirit, *Rage rN+ Will++}
   (You found it on level 7 of the Dungeon)

   rN:        It protects you from negative energy.
   *Rage:     It lets you go berserk by making a melee attack (+20% chance).
   Will:      It greatly increases your willpower.
 B - +0 steam dragon scales (worn)
Jewellery
 p - an amulet of reflection (around neck)
Wands
 h - a wand of iceblast (35)
 r - a wand of paralysis (15)
 w - a wand of digging (10)
Scrolls
 k - 3 scrolls of teleportation
 m - a scroll of vulnerability
 o - a scroll of fog
 z - 3 scrolls of enchant armour
Potions
 a - 2 potions of heal wounds {unknown}
 d - 3 potions of curing
 e - a potion of mutation {unknown}
 i - 3 potions of flight
 l - 2 potions of brilliance {unknown}
 n - 2 potions of degeneration {unknown}
 q - 3 potions of attraction {unknown}
 t - a potion of resistance
 E - a potion of ambrosia {unknown}


   Skills:
 * Level 5.9 Fighting
 + Level 3.5 Long Blades
 + Level 0.1(0.2) Axes
 + Level 0.2 Maces & Flails
 + Level 2.1 Armour
 + Level 4.0 Dodging
 + Level 3.1 Stealth
 + Level 1.2 Shields
 * Level 11.9 Spellcasting


You had 6 spell levels left.
You knew the following spells:

 Your Spells              Type           Power      Damage    Failure   Level
a - Foxfire               Conj/Fire      100%       2x1d9     1%          1
b - Scorch                Fire           100%       2d10      1%          2
c - Conjure Flame         Conj/Fire      56%        6-21      1%          3
d - Inner Flame           Hex/Fire       56%        N/A       1%          3
e - Flame Wave            Conj/Fire      56%        3d10      1%          4
f - Apportation           Tloc           100%       N/A       1%          1
g - Wereblood             Tmut           56%        N/A       1%          2
h - Ozocubu's Armour      Ice            56%        N/A       1%          3
i - Tukima's Dance        Hex            56%        N/A       1%          3
j - Yara's Violent Unrav  Hex/Tmut       28%        3d12      1%          5
Your spell library was empty.

Dungeon Overview and Level Annotations

Branches:
Dungeon (10/15)            Temple (1/1) D:5            Lair (0/6) D:9
    Orc (0/2) D:10          Sewer (visited)

Altars:
Ashenzari
Cheibriados
Dithmenos
Elyvilon
Fedhas
Hepliaklqana
Kikubaaqudgha
Makhleb
Nemelex Xobeh
Okawaru
Qazlal
Ru
Sif Muna
Trog
Uskayaw
Vehumet
Wu Jian
Xom
Yredelemnul
Zin
The Shining One


Innate Abilities, Weirdness & Mutations

You are immune to sickness and miasma.
You are immune to poison.
Your flesh is very heat resistant. (rF++)
You are vulnerable to cold. (rC-)
You float through the air rather than walking.
You learn spells naturally, not from books.
Your magical power is your life essence.
You have superior vitality. (+4 HP)
You sometimes lose the ability to read scrolls when taking damage.


Message History

A spriggan simulacrum comes into view.
An elephant simulacrum comes into view.
A spriggan simulacrum comes into view.
Casting: Foxfire (safe; 1% risk of failure)
Press: ? - help, Q - select action, (/) - cycle Dir - look around, f - activate You conjure some foxfire!
* * * LOW HITPOINT WARNING * * *
The foxfire hits the troll simulacrum.
The troll simulacrum is lightly damaged.
It was a potion of flight.
You feel more buoyant.
The foxfire hits the troll simulacrum!
The troll simulacrum melts!
The troll simulacrum is heavily damaged.
It was a potion of curing.
You feel better.
The foxfire hits the spriggan simulacrum.
The spriggan simulacrum is lightly damaged.
Casting: Foxfire (safe; 1% risk of failure)
Confirm with . or Enter, or press ? or * to list all spells.
Casting: Flame Wave (safe; 1% risk of failure)
Press: ? - help, Dir - look around, f - activate A wave of flame ripples out! (Press . to intensify the flame waves.)
You hear a shout! x2
Unknown command.
A wave of flame ripples out!
The flame wave engulfs the spriggan simulacrum!!
The spriggan simulacrum melts!
The spriggan simulacrum vaporises!
You hear a sizzling sound!
The flame wave engulfs the spriggan simulacrum!
The spriggan simulacrum melts!
The spriggan simulacrum is heavily damaged.
The flame wave engulfs the polar bear simulacrum!
The polar bear simulacrum melts!
The polar bear simulacrum is moderately damaged.
* * * LOW HITPOINT WARNING * * *
The spriggan simulacrum hits you!
You feel threatened and lose the ability to read scrolls!
* * * LOW HITPOINT WARNING * * *
The spriggan simulacrum freezes you!!
You feel a terrible chill!
You die...

##?......#####.#####...
.....<.................
##.......#### #......#
##.......# #......#
.........# #......#
....(....# ###......#
##.......####.....[..#
#..<....##.>.#....<.#
##..........###.@....#
#........#### #.#Z####
..#.##...# #Z#Z#
.##.##.### ..§Z. .
.....# .#.§... .......#
#........ ....... #
........ ...(...# ..
...... . ....#


You could see an elephant simulacrum, a polar bear simulacrum, a spriggan
simulacrum and a troll simulacrum.

Vanquished Creatures
  Pikel (D:6)
  A shining eye (shapeshifter) (D:8)
  A cyclops (D:8)
  Maggie (D:8)
  A kobold demonologist (D:9)
  A troll (D:9)
  4 slime creatures
  Sigmund (D:6)
  A shadow (D:8)
  5 yaks
  5 wyverns
  A wraith (D:9)
  3 steam dragons
  An acid dragon (D:9)
  2 water moccasins
  A hornet zombie (D:7)
  3 black bears
  Purgy (Sewer)
  2 orc warriors
  An ice beast (D:7)
  An ogre (D:5)
  A lemure (D:6)
  A phantom (D:5)
  2 kobold brigands
  A wyvern zombie (D:8)
  2 bullfrogs
  A two-headed ogre simulacrum (D:12)
  2 scorpions
  A wyvern skeleton (D:6)
  A water moccasin zombie (D:3)
  5 killer bees (D:9)
  An elephant simulacrum (D:12)
  A wight (D:8)
  2 electric eels (D:9)
  3 centaur zombies
  A hound (D:4)
  2 centaur skeletons (D:7)
  6 orc priests
  A bullfrog skeleton (D:5)
  Ijyb (D:5)
  5 iguanas
  6 orc wizards
  A spriggan simulacrum (D:12)
  3 killer bee zombies
  A troll simulacrum (D:12)
  A hound zombie (D:5)
  A howler monkey skeleton (D:6)
  12 adders
  3 shadow imps
  A worm (D:5)
  3 dart slugs
  38 orcs
  3 ball pythons
  10 bats
  6 endoplasms
  7 giant cockroaches
  6 goblins
  7 hobgoblins
  3 jackals (D:1)
  15 kobolds
  11 quokkas
  3 frilled lizards
  7 rats
  A bush (D:9)
227 creatures vanquished.

Vanquished Creatures (collateral kills)
  2 orc warriors (D:9)
  11 foxfires (D:3)
13 creatures vanquished.

Vanquished Creatures (others)
  A two-headed ogre (D:8)
  A centaur zombie (D:8)
  496 foxfires
  2 fungi (D:9)
  3 plants (D:9)
503 creatures vanquished.

Grand Total: 743 creatures vanquished

Notes
Turn   | Place    | Note
-------+----------+-------------------------------------------
     0 | D:1      | robertstho the Djinni Fire Elementalist began the quest for
                  | the Orb.
     0 | D:1      | Reached XP level 1. HP: 15/15 MP: 0/0
   303 | D:1      | Reached XP level 2. HP: 22/22 MP: 0/0
   927 | D:1      | Reached skill level 3 in Spellcasting
  1124 | D:1      | Reached XP level 3. HP: 24/26 MP: 0/0
  1124 | D:1      | Learned a level 1 spell: Apportation
  1449 | D:2      | Reached skill level 1 in Fighting
  1452 | D:2      | Reached XP level 4. HP: 20/32 MP: 0/0
  2238 | D:2      | Found a faded altar of an unknown god.
  2764 | D:3      | Reached XP level 5. HP: 30/37 MP: 0/0
  2764 | D:3      | Learned a level 2 spell: Wereblood
  3073 | D:3      | Reached skill level 4 in Spellcasting
  3248 | D:3      | Reached XP level 6. HP: 41/43 MP: 0/0
  3329 | D:3      | Found a blossoming altar of Fedhas.
  3566 | D:3      | Found a stormy altar of Qazlal.
  3638 | D:3      | Found a glowing silver altar of Zin.
  4654 | D:5      | Entered Level 5 of the Dungeon
  4658 | D:5      | Reached skill level 5 in Spellcasting
  4677 | D:5      | Reached XP level 7. HP: 37/49 MP: 0/0
  4677 | D:5      | Learned a level 3 spell: Ozocubu's Armour
  4741 | D:5      | Reached skill level 1 in Armour
  4957 | D:5      | Found a sparkling altar of Nemelex Xobeh.
  4966 | D:5      | Found a hide-covered altar of Uskayaw.
  5113 | D:5      | Noticed Ijyb
  5123 | D:5      | Killed Ijyb
  5150 | D:5      | Found a glowing drain.
  5161 | Sewer    | Entered a sewer
  5323 | Sewer    | Noticed Purgy
  5334 | Sewer    | Killed Purgy
  5479 | D:5      | Found a staircase to the Ecumenical Temple.
  5486 | D:5      | Reached skill level 6 in Spellcasting
  5486 | D:5      | Reached XP level 8. HP: 51/55 MP: 0/0
  5525 | Temple   | Entered the Ecumenical Temple
  5824 | D:5      | Identified the -5 helmet of Hairiness {rC+}
  6082 | D:5      | Found a snail-covered altar of Cheibriados.
  6427 | D:5      | Identified the +3 mace "Jaymaif" {antimagic, *Rage rPois
                  | Str-4 SInv}
  6505 | D:6      | Reached skill level 7 in Spellcasting
  6803 | D:6      | Reached XP level 9. HP: 52/60 MP: 0/0
  6803 | D:6      | Learned a level 3 spell: Tukima's Dance
  7115 | D:6      | Reached skill level 8 in Spellcasting
  7152 | D:6      | Noticed Sigmund
  7160 | D:6      | Killed Sigmund
  7498 | D:6      | Found an ornate altar of the Wu Jian Council.
  7619 | D:6      | Noticed Pikel
  7626 | D:6      | Killed Pikel
  7627 | D:6      | Reached skill level 9 in Spellcasting
  7896 | D:7      | Found a burning altar of Makhleb.
  8089 | D:7      | Identified the +5 whip "Aryem" {distort, Str+3 Int+2 Dex+4}
  8121 | D:7      | Found the +2 hat of the Bear Spirit {Spirit, *Rage rN+
                  | Will++}
  8318 | D:7      | Identified the +1 short sword of Wourch Jadon {vorpal,
                  | Str+10 Dex+4}
  8326 | D:7      | Reached skill level 1 in Long Blades
  8611 | D:8      | Found a sacrificial altar of Ru.
  8620 | D:8      | Reached XP level 10. HP: 53/67 MP: 0/0
  9134 | D:8      | Noticed Maggie
  9141 | D:8      | Killed Maggie
  9402 | D:8      | Noticed a two-headed ogre
  9403 | D:8      | Reached skill level 10 in Spellcasting
  9414 | D:8      | Killed a two-headed ogre
  9417 | D:8      | Noticed a fire crab
  9763 | D:8      | Noticed a swamp dragon
  9769 | D:8      | Noticed a shining eye
  9769 | D:8      | a swamp dragon changed into a shining eye
  9770 | D:8      | Gained mutation: You sometimes lose the ability to read
                  | scrolls when taking damage. [a shining eye]
  9772 | D:8      | Killed a shining eye
 10025 | D:8      | Noticed a cyclops
 10031 | D:8      | Killed a cyclops
 10032 | D:8      | Reached skill level 5 in Fighting
 10032 | D:8      | Reached XP level 11. HP: 23/75 MP: 0/0
 10032 | D:8      | Learned a level 5 spell: Yara's Violent Unravelling
 10382 | D:8      | Identified the +1 morningstar of Xiugocwu {elec, rF++}
 10427 | D:9      | Found a staircase to the Lair.
 10435 | D:9      | Reached skill level 11 in Spellcasting
 10711 | D:9      | Reached skill level 1 in Shields
 10792 | D:9      | Found a shadowy altar of Dithmenos.
 10925 | D:9      | Identified the +6 trident "Transmigrator" {vorpal, rN+
                  | Will+}
 12086 | D:10     | Entered Level 10 of the Dungeon
 12092 | D:10     | Found a staircase to the Orcish Mines.
 12116 | D:10     | You are sucked into a shaft and drop 2 floors!
 12213 | D:12     | Mangled by a spriggan simulacrum

Illustrated notes

Levels and vault maps discovered:
D:1:      lightli_arrival_maybe_door_vault, layout_loops_ring,
          hangedman_abyss_or_decor_lesser_grid
D:2:      layout_basic, hellmonk_ecumenical_altar_prayer_group
D:3:      layout_basic, fedhas_ov_isle_minmay, mainiacjoe_overflow_boulevard,
          zin_treasury, mainiacjoe_overflow_chevrons, kennysheep_generic_room_13
D:4:      layout_cave_pools, minmay_circle_x
D:5:      layout_basic, mainiacjoe_overflow_surrounded_room,
          mainiacjoe_overflow_swirl, minmay_temple_entry_statues_fountains,
          gup_sewer_entry_pipe, st_stairs_11, minmay_crystal_water, uniq_ijyb
D:6:      layout_rooms, lemuel_tele_altar, nicolae_wu_jian_glorious_leap,
          uniq_sigmund, uniq_pikel
D:7:      layout_cave_pools, bloody_makhleb, amcnicky_mini_rare_corridor_liquid
D:8:      layout_basic, nicolae_ru_great_annihilating_truth,
          minmay_pinched_square, uniq_maggie
D:9:      layout_basic, grunt_dithmenos_smoke, minmay_lair_entry_grove,
          serial_park_tiny_2, kennysheep_generic_room_4
D:10:     layout_loops_cross, grunt_gozag_breadcrumbs, gammafunk_ghost_grave
D:12:     layout_rooms, portal_ice_cave_entry_ice_simulacra, item_on_display_a
Temple:   compressed_dpeg_triangle_lava_temple

Skill      XL: |  1  2  3  4  5  6  7  8  9 10 11 |
---------------+----------------------------------+-----
Spellcasting   | 3 4 5 6 7 9 10 11 | 11.9
Fighting       | 1 2 3 4 5 |  5.9
Stealth        | 2 3 |  3.1
Armour         | 1 2 |  2.1
Dodging        | 3 4 |  4.0
Long Blades    | 1 3 |  3.5
Shields        | 1 |  1.2
Axes           | |  0.1
Maces & Flails | |  0.2

Action                   |  1- 3 |  4- 6 |  7- 9 | 10-12 || total
-------------------------+-------+-------+-------+-------++-------
Melee: Mace              |       |     1 |       |       ||     1
       Hand axe          |       |     4 |    12 |       ||    16
       Long sword        |       |       |     8 |    10 ||    18
       Morningstar       |       |       |       |     5 ||     5
 Cast: Foxfire           |    66 |   129 |    25 |    78 ||   298
       Scorch            |       |    24 |    88 |    40 ||   152
       Flame Wave        |       |       |     9 |    20 ||    29
       Tukima's Dance    |       |       |       |     7 ||     7
  Use: Scroll            |       |       |     4 |     6 ||    10
       Potion            |       |       |       |     3 ||     3
Armor: Robe              |     9 |     4 |     7 |     3 ||    23
       Leather armour    |       |     4 |    10 |       ||    14
       Steam dragon scal |       |       |       |     9 ||     9
Dodge: Dodged            |    12 |    21 |    37 |    37 ||   107
Block: Other             |       |       |     2 |    13 ||    15
       Reflection        |       |       |       |     1 ||     1

Table legend: (Time is in decaauts)
 A = Elapsed time spent in this place.
 B = Non-inter-level travel time spent in this place.
 C = Inter-level travel time spent in this place.
 D = Time resting spent in this place.
 E = Time spent auto-exploring this place.
 F = Levels seen in this place.
 G = Mean time per level.
                   A        B        C        D        E       F      G
               +--------+--------+--------+--------+--------+-----+--------+
         Total |  12223 |  11879 |    344 |   1176 |   9315 |  13 |  940.2 |
       Dungeon |  11654 |  11341 |    313 |   1176 |   8852 |  11 | 1059.5 |
        Temple |    275 |    245 |     30 |      0 |    239 |   1 |  275.0 |
         Sewer |    293 |    293 |      0 |      0 |    224 |   1 |  293.0 |
               +--------+--------+--------+--------+--------+-----+--------+

Top non-repeatable levels by time:
     D:8: 2102 daAuts
     D:1: 1441 daAuts
     D:9: 1404 daAuts
     D:3: 1343 daAuts
     D:5: 1278 daAuts
     D:6: 1253 daAuts
     D:2: 1043 daAuts
     D:7: 834 daAuts
     D:4: 825 daAuts
   Sewer: 293 daAuts
  Temple: 275 daAuts
    D:12: 96 daAuts
    D:10: 29 daAuts
